 Dungeon Crawl Stone Soup version 0.28.0-53-g5a82cb258f (webtiles) character file.

Game seed: 4125628535954501309

817 pesado the Cleaver (level 7, -5/59 HPs)
             Began as a Hill Orc Berserker on May 27, 2022.
             Was a Believer of Trog.
             Slain by an ogre
             ... wielding a +0 giant club
              (25 damage)
             ... on level 6 of the Dungeon.
             The game lasted 00:03:58 (4882 turns).

pesado the Cleaver (Hill Orc Berserker)             Turns: 4882, Time: 00:03:59

Health: -5/59      AC: 15    Str: 22    XL:     7   Next: 94%
Magic:  7/7        EV:  8    Int:  7    God:    Trog [**....]
Gold:   208        SH:  0    Dex: 10    Spells: 6/6 levels left

rFire   . . .      SeeInvis .   a - +1 hand axe (vamp)
rCold   . . .      Faith    .   (no shield)
rNeg    . . .      Spirit   .   l - +0 chain mail
rPois   .          Reflect  .   j - +1 helmet
rElec   .          Harm     .   (no cloak)
rCorr   .          Rampage  .   w - +2 pair of gloves
Will    .....                   (no boots)
Stlth   ..........              (no amulet)
HPRegen 0.19/turn               (no ring)
MPRegen 0.10/turn               (no ring)

@: no status effects
A: no striking features
a: Renounce Religion, Berserk, Trog's Hand


You were on level 6 of the Dungeon.
You worshipped Trog.
Trog was pleased with you.
You visited 1 branch of the dungeon, and saw 6 of its levels.

You collected 208 gold pieces.

Inventory:

Hand Weapons
 a - a +1 vampiric hand axe (weapon)
 f - a +2 mace of protection
 g - a +0 mace
 v - a +1 vampiric hand axe
Armour
 j - a +1 helmet (worn)
 l - a +0 chain mail (worn)
 w - a +2 pair of gloves (worn)
Jewellery
 k - a ring of see invisible
 t - a ring of fire
Scrolls
 d - a scroll of amnesia
 n - 2 scrolls of brand weapon
 p - a scroll of enchant armour
 r - 3 scrolls of enchant weapon
Potions
 b - a potion of attraction {unknown}
 c - 2 potions of haste
 e - a potion of resistance
 h - a potion of lignification {unknown}
 i - 4 potions of curing
 m - 2 potions of invisibility {unknown}
 o - 2 potions of ambrosia {unknown}
 u - a potion of flight {unknown}


   Skills:
 + Level 4.2 Fighting
 + Level 9.8 Axes
 + Level 5.7 Armour
 - Level 1.5 Dodging


You had 6 spell levels left.
You didn't know any spells.
Your spell library was empty.

Dungeon Overview and Level Annotations

Branches:
Dungeon (6/15)             Temple (0/1) D:5

Altars:
Sif Muna
Wu Jian

Annotations:
D:5 2 runed translucent doors


Message History

You now have 208 gold pieces (gained 15).
p - a scroll of enchant armour You open the door.
An orc comes into view. It is wielding a +0 hand axe.
The orc shouts!
There is an open door here.
An orc is nearby!
An orc is nearby!
Found 18 sling bullets.
You barely miss the orc.
An ogre comes into view. It is wielding a +0 giant club.
The orc hits you with a +0 hand axe.
You slash the orc!
You feel better.
You kill the orc!
Trog accepts your kill.
Things that are here:
a +0 hand axe; 18 stones The ogre hits you with a +0 giant club!
You slash the ogre!
You feel better.
The ogre is moderately wounded.
The ogre hits you with a +0 giant club!
You hit the ogre but do no damage.
The ogre is moderately wounded.
You hit the ogre.
You feel better.
The ogre is moderately wounded.
The ogre hits you with a +0 giant club!
You hit the ogre but do no damage.
The ogre is moderately wounded.
You slash the ogre!
The ogre is heavily wounded.
The ogre hits you with a +0 giant club!
You slash the ogre!
You feel better.
The ogre is almost dead.
The ogre completely misses you.
You barely miss the ogre.
The ogre is almost dead.
You completely miss the ogre.
The ogre is almost dead.
The ogre hits you with a +0 giant club!!
You die...

## #.......#
#.......#
##.......#
.........#
#.......###
###
#........#....
#....O........
#.....@.......
#.#.#.........
#.#.#)........
#(............
###.#.........
###'##########
#.........#
##....♣.♣...
##......♣..


You could see an ogre.

Vanquished Creatures
  Menkaure (D:4)
  2 water moccasins (D:5)
  A sky beast (D:5)
  2 phantoms
  A scorpion (D:4)
  A hound (D:4)
  An orc priest (D:5)
  An orc wizard (D:5)
  4 adders
  A worm (D:2)
  3 dart slugs
  6 orcs
  4 endoplasms
  3 giant cockroaches
  8 hobgoblins
  5 kobolds
  4 quokkas
  6 ball pythons
  A bat (D:2)
  A frilled lizard (D:2)
  5 goblins
  7 rats
68 creatures vanquished.

Notes
Turn   | Place    | Note
-------+----------+-------------------------------------------
     0 | D:1      | pesado the Hill Orc Berserker began the quest for the Orb.
     0 | D:1      | Reached XP level 1. HP: 19/19 MP: 1/1
   362 | D:1      | Reached XP level 2. HP: 26/26 MP: 2/2
   418 | D:1      | Reached skill level 5 in Axes
  1086 | D:2      | Reached XP level 3. HP: 31/31 MP: 3/3
  1225 | D:2      | Found an ornate altar of the Wu Jian Council.
  1436 | D:2      | Reached skill level 6 in Axes
  1475 | D:2      | Reached XP level 4. HP: 39/39 MP: 4/4
  1515 | D:2      | Reached ** piety under Trog
  2005 | D:3      | Found a shimmering blue altar of Sif Muna.
  2280 | D:4      | Noticed a scorpion
  2289 | D:4      | Killed a scorpion
  2290 | D:4      | Reached XP level 5. HP: 45/45 MP: 5/5
  2488 | D:4      | Noticed Menkaure
  2501 | D:4      | Killed Menkaure
  2502 | D:4      | Reached skill level 7 in Axes
  2502 | D:4      | Reached XP level 6. HP: 11/51 MP: 6/6
  3093 | D:5      | Entered Level 5 of the Dungeon
  3094 | D:5      | Found a staircase to the Ecumenical Temple.
  3140 | D:5      | Noticed a water moccasin
  3147 | D:5      | Killed a water moccasin
  3148 | D:5      | Reached skill level 8 in Axes
  3196 | D:5      | Reached XP level 7. HP: 34/57 MP: 7/7
  3349 | D:5      | Reached skill level 9 in Axes
  3349 | D:5      | Reached skill level 5 in Armour
  3606 | D:5      | Found a runed translucent door.
  3608 | D:5      | Found a runed translucent door.
  3608 | D:5      | Noticed a vampire mosquito
  4882 | D:6      | Slain by an ogre

Illustrated notes

Levels and vault maps discovered:
D:1:      roderic_chinese_lattice_arrival, layout_loops_cross,
          minmay_misc_feat_chi, minmay_ruptured
D:2:      layout_rooms, basic_altar
D:3:      layout_basic, led_sif_book, shapermc_ecumenical_altar_pompeii,
          lemuel_another_geyser
D:4:      minmay_skewed_foursquare, layout_cave_pools, uniq_menkaure
D:5:      lemuel_insect_pit, layout_basic, minmay_temple_entry_slanted,
          grunt_ministairs_14
D:6:      layout_basic, kennysheep_decorative_pillar, nicolae_sextant

Skill      XL: |  1  2  3  4  5  6  7 |
---------------+----------------------+-----
Axes           | 5 6 7 8 9 |  9.8
Armour         | 3 4 5 |  5.7
Fighting       | 4 |  4.2
Dodging        | |  1.5

Action                   |  1- 3 |  4- 6 |  7- 9 || total
-------------------------+-------+-------+-------++-------
Melee: Hand axe          |   118 |   108 |   104 ||   330
       Punch             |     3 |     1 |     1 ||     5
Invok: Berserk           |       |     1 |       ||     1
       Trog's Hand       |       |       |     1 ||     1
  Use: Scroll            |     7 |       |     7 ||    14
       Potion            |       |     1 |       ||     1
Armor: Leather armour    |    10 |       |       ||    10
       Animal skin       |     1 |       |       ||     1
       Ring mail         |    20 |    25 |       ||    45
       Chain mail        |       |    14 |    50 ||    64
Dodge: Dodged            |    69 |    41 |    25 ||   135
